Map: Sanctuary III LE

Players

MeroHarine - Winner!

  • Race: Terran Terran
  • League: Master
  • Spawn Location: 7:00

UEDдемонFan

  • Race: Protoss Protoss
  • League: Grandmaster
  • Spawn Location: 1:00

VOD

https://www.youtube.com/watch?v=sqfEmGLdfPg

Description

Time

  • Played on: June 23, 2026, 4:50 p.m.
  • Length: 27:12
Show
View Real Time Build Order
Export as new Build Order

MeroHarine Terran - Winner!

Build Orders: Reaper Expand 

Get SALT Encoding   

  8  0:00  SCV  
  9  0:12  SCV  
  10  0:24  SCV  
  10  0:28  Supply Depot  
  11  0:36  SCV  
  12  0:48  SCV  
  13  0:55  Barracks  
  13  1:00  SCV  
  14  1:12  SCV  
  14  1:14  Refinery  
  15  1:25  SCV  
  16  1:41  Marine  
  16  1:42  Orbital Command  
  17  2:00  Reaper  
  19  2:10  Command Center  
  19  2:13  SCV  
  19  2:19  Supply Depot  
  19  2:25  SCV  
  21  2:38  SCV, Factory  
  21  2:44  Refinery  
  21  2:49  Bunker  
  21  2:50  SCV  
  22  2:55  Barracks Reactor  
  22  3:02  SCV  
  23  3:14  SCV  
  23  3:22  Hellion  
  23  3:24  Orbital Command  
  23  3:27  SCV  
  28  3:36  Starport  
  28  3:39  SCV  
  27  3:43  Widow Mine  
  27  3:46  Marine x2  
  31  3:49  SCV  
  31  3:51  SCV  
  33  4:02  SCV  
  34  4:03  SCV  
  34  4:07  Widow Mine, Marine, Supply Depot  
  34  4:09  Marine  
  39  4:14  Medivac  
  39  4:15  SCV  
  39  4:19  SCV  
  40  4:27  SCV  
  40  4:29  Marine x2  
  40  4:30  Factory Tech Lab  
  40  4:31  SCV  
  40  4:39  SCV  
  40  4:43  SCV  
  40  4:44  Viking  
  44  4:46  Supply Depot  
  44  4:51  Cyclone, SCV  
  48  4:55  SCV  
  48  4:58  Marine  
  50  5:02  Supply Depot  
  50  5:07  Marine, SCV x2  
  50  5:10  Barracks  
  53  5:14  Liberator  
  53  5:19  SCV x2  
  58  5:22  Marine  
  58  5:25  Marine  
  57  5:30  Siege Tank  
  57  5:32  SCV x2  
  57  5:35  Barracks  
  63  5:44  SCV x2  
  66  5:51  Supply Depot  
  66  5:52  Engineering Bay  
  66  5:56  SCV x2, Refinery  
  66  5:58  Supply Depot  
  63  6:08  SCV x2  
  65  6:20  SCV x2  
  65  6:24  Barracks Tech Lab  
  65  6:25  Terran Infantry Weapons Level 1  
  67  6:26  Marine x2  
  67  6:27  Supply Depot  
  67  6:30  Stimpack, Marine  
  67  6:31  Starport Reactor  
  67  6:32  SCV x2  
  72  6:35  Factory Reactor, Command Center  
  72  6:44  SCV x2, Combat Shield  
  74  6:50  Refinery  
  74  6:51  Marauder  
  74  6:52  Marauder  
  74  6:53  Marine x2  
  80  6:56  SCV x2  
  80  6:57  Supply Depot  
  82  7:03  Barracks  
  82  7:04  Barracks  
  82  7:09  Medivac  
  82  7:10  Medivac, Supply Depot  
  82  7:11  SCV  
  82  7:13  SCV  
  88  7:21  Marauder x2  
  92  7:23  Marine x2  
  92  7:26  SCV x2  
  94  7:34  Supply Depot  
  94  7:35  Widow Mine x2  
  98  7:38  SCV x2  
  98  7:43  Marauder x2, Medivac  
  106  7:47  Medivac  
  106  7:50  SCV x2  
  110  7:52  Barracks Reactor, Barracks Tech Lab  
  110  8:02  SCV x2  
  110  8:04  Marauder x2  
  113  8:08  Widow Mine x2  
  117  8:14  SCV  
  117  8:15  SCV  
  117  8:16  Supply Depot  
  117  8:19  Terran Infantry Armor Level 1  
  119  8:20  Medivac  
  119  8:26  Missile Turret, SCV  
  119  8:28  SCV  
  119  8:29  Orbital Command  
  120  8:35  Sensor Tower  
  120  8:36  Marauder x2  
  120  8:39  SCV, Marauder  
  120  8:40  SCV  
  125  8:46  Marine x2  
  125  8:47  Marine  
  128  8:50  Missile Turret  
  128  8:51  SCV  
  128  8:52  SCV  
  128  8:53  Bunker  
  128  8:55  Supply Depot  
  130  8:56  SCV  
  130  8:57  Supply Depot, Marauder  
  133  9:02  Medivac  
  133  9:07  Supply Depot  
  133  9:09  Refinery  
  135  9:10  Refinery  
  135  9:14  Concussive Shells  
  135  9:15  Marine  
  135  9:16  SCV x3, Marine, Medivac  
  135  9:17  Marauder  
  142  9:19  Marauder  
  142  9:22  Marine x3  
  143  9:26  Widow Mine  
  143  9:27  Widow Mine  
  147  9:32  Supply Depot  
  147  9:33  Command Center, Marine  
  147  9:34  Marine  
  147  9:38  Marauder  
  151  9:40  Marine, Marauder  
  151  9:41  Marauder  
  151  9:44  Armory  
  156  9:46  Engineering Bay  
  156  9:50  Missile Turret  
  156  9:51  Viking  
  158  9:54  Viking  
  158  9:59  Marauder  
  162  10:00  Starport  
  162  10:01  Ghost Academy  
  162  10:10  Missile Turret  
  159  10:16  SCV x2  
  159  10:19  SCV  
  162  10:27  Supply Depot  
  163  10:28  SCV, Supply Depot  
  163  10:32  Ghost x3, Barracks  
  163  10:33  Barracks  
  166  10:37  Barracks  
  166  10:45  Terran Infantry Weapons Level 2, Terran Infantry Armor Level 2  
  166  10:46  Terran Ship Weapons Level 1  
  166  10:47  Viking x2  
  170  10:50  SCV x3  
  173  11:05  SCV x3, Missile Turret  
  173  11:07  Sensor Tower  
  173  11:08  Missile Turret  
  173  11:09  Ghost x3  
  185  11:15  Marine x2  
  185  11:16  Marine x2  
  192  11:19  Planetary Fortress  
  187  11:30  Barracks Tech Lab x2  
  187  11:32  Marine x2  
  182  11:36  Marine x3  
  182  11:38  Marauder  
  182  11:39  Marauder x2  
  190  11:43  Missile Turret x2  
  190  11:48  Liberator x2  
  190  11:50  Medivac, Missile Turret  
  198  11:57  Fusion Core  
  198  11:58  Refinery  
  198  11:59  Refinery, Marauder  
  200  12:07  Missile Turret  
  197  12:11  Marauder  
  196  12:22  Marine, Marauder x2  
  182  12:27  Marauder  
  186  12:39  Barracks Tech Lab  
  186  12:41  Command Center  
  186  12:42  Command Center, Caduceus Reactor  
  186  12:43  Command Center  
  186  12:44  Terran Ship Weapons Level 2  
  186  12:50  Liberator x2  
  180  13:00  Ghost  
  180  13:01  Ghost x2  
  189  13:06  Command Center  
  189  13:07  Command Center  
  189  13:08  Marine x7  
  196  13:19  Terran Infantry Weapons Level 3  
  196  13:20  Missile Turret  
  196  13:22  Terran Infantry Armor Level 3  
  196  13:23  Missile Turret  
  196  13:29  Missile Turret  
  196  13:33  Sensor Tower  
  196  13:39  Advanced Ballistics  
  196  13:40  Starport  
  195  13:41  Marauder  
  195  13:42  Marauder  
  193  13:51  Marauder  
  193  13:52  Marauder x2  
  197  14:00  Command Center  
  197  14:05  Orbital Command x2  
  197  14:16  Personal Cloaking  
  197  14:19  Orbital Command x2  
  197  14:23  Command Center  
  197  14:25  Command Center  
  185  14:33  Ghost x3  
  176  14:39  Ghost x2  
  181  14:53  Refinery  
  181  14:54  Refinery  
  181  15:02  Ghost  
  181  15:03  Ghost x2, Liberator  
  181  15:04  Starport Reactor  
  181  15:06  Terran Vehicle And Ship Armor Level 1  
  193  15:08  Marauder  
  195  15:23  Planetary Fortress  
  195  15:37  Command Center  
  195  15:38  Orbital Command  
  195  15:40  Orbital Command  
  195  15:42  Orbital Command  
  186  15:54  Marauder x2  
  186  15:56  Hi-Sec Auto Tracking, Marauder  
  183  15:57  Marauder  
  183  15:59  Neosteel Armor, Marauder  
  183  16:00  Marauder  
  172  16:11  Liberator  
  172  16:12  Liberator x5  
  172  16:15  Marauder  
  172  16:16  Marauder  
  172  16:18  Marauder, Missile Turret  
  184  16:19  Marauder  
  184  16:21  Marauder, Missile Turret  
  188  16:36  Command Center  
  188  16:38  Command Center  
  188  16:39  Command Center  
  188  16:40  Missile Turret  
  188  16:42  Missile Turret  
  184  16:49  Ghost x2  
  184  16:53  Ghost, Marine  
  184  16:54  Marine x4, Marauder  
  184  16:57  Ghost  
  183  17:07  Barracks  
  183  17:08  Barracks  
  198  17:27  Planetary Fortress  
  198  17:29  Sensor Tower, Missile Turret  
  200  17:30  Refinery x2  
  200  17:32  Missile Turret x2  
  200  17:36  Viking x6  
  195  17:50  Refinery  
  195  17:53  Terran Vehicle And Ship Armor Level 2  
  193  18:01  Ghost x2  
  193  18:02  Marauder  
  193  18:05  Marauder x3, Marine  
  190  18:06  Marine, Viking, Orbital Command  
  190  18:07  Orbital Command x2  
  194  18:14  Command Center  
  194  18:26  Command Center  
  194  18:27  Viking  
  194  18:33  Ghost  
  194  18:34  Marauder  
  197  18:42  Ghost  
  199  18:59  Marine  
  200  19:03  Barracks Reactor, Barracks Tech Lab  
  200  19:16  Starport  
  200  19:19  Command Center  
  200  19:20  Sensor Tower  
  200  19:21  Missile Turret x2  
  190  19:39  Marauder x2, Liberator x2  
  200  19:55  Orbital Command  
  200  20:09  Terran Ship Weapons Level 3  
  200  20:11  Sensor Tower  
  200  20:17  Planetary Fortress  
  200  20:21  Marauder x2, Marine x2  
  198  20:22  Marauder  
  198  20:27  Refinery x2  
  200  20:28  Marauder x2  
  200  20:33  Orbital Command  
  198  20:43  Ghost  
  198  20:45  Marine, Marauder  
  198  20:46  Marauder  
  198  20:49  Marine, Marauder  
  199  20:50  Marine  
  200  21:03  Marine x2  
  200  21:04  Marauder x2  
  179  21:05  Marauder  
  179  21:07  Liberator x3  
  179  21:08  Liberator  
  186  21:19  Starport Reactor  
  186  21:22  Ghost x2  
  186  21:23  Marauder x2, Marine  
  186  21:24  Marine x4, Ghost  
  186  21:25  Marauder, Ghost  
  196  21:32  Sensor Tower  
  196  21:33  Missile Turret  
  196  21:37  Command Center  
  199  21:52  Missile Turret  
  199  21:54  Viking x2, Missile Turret  
  198  22:00  Viking x6  
  190  22:24  Viking x2  
  194  22:30  Viking x2  
  194  22:36  Marauder  
  199  22:47  Terran Vehicle And Ship Armor Level 3  
  199  22:49  Missile Turret  
  199  22:52  Missile Turret, Sensor Tower  
  199  22:54  Missile Turret  
  199  23:10  Marauder  
  175  23:15  Marauder  
  175  23:16  Marine x2  
  175  23:18  Marauder, Marine x2  
  175  23:19  Marauder x2  
  175  23:22  Marine  
  175  23:23  Marauder x2, Marine  
  184  23:32  Marauder  
  184  23:34  Marine  
  186  23:37  Marauder  
  186  23:39  Marauder  
  186  23:40  Marine x2  
  186  23:41  Marauder x2  
  185  23:44  Marauder x2  
  189  23:53  Marauder, Factory Tech Lab  
  189  23:54  Command Center  
  191  23:58  Marauder  
  191  23:59  Marine  
  191  24:00  Ghost  
  191  24:01  Marine  
  191  24:02  Marauder  
  200  24:25  Sensor Tower, Missile Turret  
  200  24:27  Missile Turret  
  200  24:28  Missile Turret, Sensor Tower, Refinery  
  200  24:29  Refinery  
  200  24:31  Missile Turret  
  199  24:57  Planetary Fortress  
  199  25:07  Sensor Tower  
  199  25:13  Ghost  
  187  25:16  Ghost x2, Marauder x2, Marine  
  187  25:17  Marine x2  
  187  25:20  Smart Servos, Marauder  
  187  25:21  Marine x2, Ghost  
  188  25:25  Marine  
  175  25:34  Marine x2  
  175  25:35  Marine  
  172  25:37  Ghost x2  
  172  25:40  Liberator x3  
  172  25:41  Liberator, Ghost  
  172  25:42  Marine  
  190  25:44  Marauder  
  190  25:45  Marauder  
  190  25:47  Ghost  
  190  25:48  Marine x2  
  199  25:52  Marine x3  
  192  26:05  Ghost x2, Marine x2  
  199  26:12  Orbital Command  
  196  26:39  Ghost x2  
  195  26:40  Marauder  
  200  26:52  Refinery  
  200  26:55  Refinery  
  188  27:01  Missile Turret, Refinery  
  188  27:03  Sensor Tower, Starport  
Show
View Real Time Build Order
Export as new Build Order

UEDдемонFan Protoss 

Build Orders: Oracle Opening 

Get SALT Encoding   

  8  0:00  Probe (Chrono Boost)  
  9  0:12  Probe (Chrono Boost)  
  10  0:20  Probe (Chrono Boost)  
  11  0:26  Probe  
  12  0:31  Pylon  
  12  0:38  Probe  
  13  0:51  Probe  
  13  0:53  Gateway  
  14  1:03  Probe (Chrono Boost)  
  15  1:05  Assimilator  
  16  1:12  Probe (Chrono Boost)  
  16  1:15  Assimilator  
  16  1:17  Probe (Chrono Boost)  
  17  1:29  Probe  
  17  1:30  Pylon  
  18  1:41  Cybernetics Core  
  18  1:45  Probe  
  19  1:57  Probe  
  20  2:10  Probe  
  20  2:14  Adept (Chrono Boost)  
  21  2:19  Stargate  
  21  2:22  Probe  
  24  2:29  Shield Battery  
  24  2:40  Probe  
  27  2:58  Nexus  
  25  2:59  Pylon  
  25  3:13  Oracle (Chrono Boost)  
  25  3:19  Probe  
  29  3:31  Probe  
  30  3:43  Probe, Oracle  
  30  3:47  Warp Gate  
  34  3:49  Gateway  
  34  3:53  Stalker  
  35  3:55  Probe  
  35  3:59  Pylon  
  38  4:10  Probe  
  38  4:15  Probe  
  39  4:22  Probe  
  39  4:27  Probe  
  39  4:33  Stalker x2  
  39  4:34  Probe (Chrono Boost)  
  44  4:39  Twilight Council  
  44  4:43  Probe (Chrono Boost)  
  46  4:46  Probe (Chrono Boost)  
  47  4:53  Probe (Chrono Boost)  
  47  4:54  Probe (Chrono Boost)  
  48  5:00  Probe  
  48  5:03  Stalker, Probe  
  48  5:04  Pylon  
  52  5:08  Blink (Chrono Boost)  
  52  5:12  Probe  
  52  5:13  Stalker  
  53  5:15  Probe  
  56  5:27  Probe  
  55  5:31  Gateway  
  55  5:32  Stalker, Gateway  
  57  5:40  Probe  
  57  5:41  Probe  
  57  5:42  Stalker  
  59  5:45  Pylon  
  59  5:49  Stalker, Assimilator  
  63  5:58  Stalker  
  65  6:05  Probe x2  
  65  6:06  Stalker  
  66  6:18  Stalker x2  
  66  6:20  Stalker  
  66  6:24  Stalker  
  71  6:37  Nexus  
  73  6:40  Pylon  
  73  6:46  Pylon  
  71  6:50  Robotics Facility  
  71  6:53  Stalker  
  73  7:03  Probe x2, Pylon  
  73  7:06  Pylon  
  73  7:07  Stalker  
  77  7:10  Stalker  
  77  7:15  Probe x2  
  81  7:17  Pylon  
  81  7:27  Probe x2  
  81  7:35  Charge (Chrono Boost), Forge  
  81  7:37  Robotics Bay  
  81  7:39  Probe x2  
  83  7:46  Shield Battery  
  83  7:51  Zealot x2  
  89  7:53  Probe (Chrono Boost)  
  89  7:54  Probe x2 (Chrono Boost)  
  90  8:04  Probe (Chrono Boost)  
  88  8:07  Probe (Chrono Boost)  
  88  8:08  Zealot x2  
  88  8:09  Probe (Chrono Boost)  
  88  8:12  Gateway  
  93  8:14  Gateway  
  93  8:22  Probe x2  
  93  8:24  Disruptor (Chrono Boost)  
  97  8:31  Robotics Facility, Probe  
  98  8:34  Stalker x4, Probe  
  98  8:40  Probe  
  106  8:43  Probe  
  106  8:45  Protoss Ground Armor Level 1 (Chrono Boost)  
  107  8:52  Probe x2, Nexus  
  109  8:56  Pylon  
  109  8:57  Probe  
  109  8:59  Disruptor (Chrono Boost)  
  109  9:02  Assimilator  
  114  9:03  Pylon  
  114  9:05  Probe x2  
  114  9:08  Pylon  
  116  9:18  Disruptor (Chrono Boost)  
  116  9:21  Probe x2  
  112  9:26  Zealot x4  
  112  9:27  Probe  
  112  9:29  Shield Battery  
  121  9:31  Photon Cannon  
  121  9:33  Probe  
  121  9:34  Probe, Disruptor (Chrono Boost)  
  121  9:35  Pylon  
  121  9:36  Pylon  
  127  9:41  Gateway  
  127  9:42  Gateway  
  127  9:47  Probe x2  
  127  9:51  Zealot x2  
  127  9:52  Zealot  
  135  9:53  Disruptor (Chrono Boost)  
  135  9:59  Probe x2  
  141  10:05  Disruptor (Chrono Boost)  
  145  10:10  Pylon  
  141  10:20  Disruptor (Chrono Boost)  
  115  10:25  Stalker, Zealot x2  
  115  10:26  Zealot x3  
  115  10:27  Probe x2  
  115  10:28  Probe  
  120  10:39  Protoss Ground Weapons Level 1 (Chrono Boost)  
  120  10:40  Pylon, Disruptor (Chrono Boost)  
  124  10:46  Zealot x2  
  124  10:48  Pylon  
  128  10:54  Forge  
  128  10:55  Pylon x2  
  128  10:56  Assimilator, Nexus  
  128  10:57  Pylon  
  128  11:01  Probe x4, Zealot x4  
  140  11:05  Zealot x2  
  140  11:08  Disruptor  
  148  11:16  Probe x3  
  151  11:19  Gateway x2  
  151  11:20  Pylon  
  141  11:27  Disruptor  
  133  11:35  Stalker  
  133  11:36  Zealot x7, Protoss Ground Armor Level 2 (Chrono Boost)  
  147  11:42  Pylon  
  147  11:54  Gateway  
  147  11:55  Gateway  
  147  11:57  Pylon x2  
  147  12:00  Stalker x3  
  147  12:01  Stalker, Zealot x2  
  157  12:02  Sentry  
  139  12:25  Stalker x7  
  133  12:33  Zealot  
  109  12:40  Disruptor (Chrono Boost)  
  113  12:45  Probe, Zealot  
  113  12:46  Pylon  
  113  12:47  Zealot x7  
  113  12:48  Probe x2  
  113  12:49  Assimilator  
  113  12:50  Probe  
  133  12:52  Stalker  
  133  12:55  Disruptor  
  139  13:01  Zealot, Protoss Ground Weapons Level 2 (Chrono Boost)  
  139  13:03  Pylon, Nexus  
  139  13:04  Zealot x2  
  145  13:06  Pylon  
  145  13:10  Probe x3  
  145  13:12  Pylon  
  148  13:15  Stalker x2  
  148  13:16  Zealot x3  
  148  13:19  Zealot x2  
  162  13:22  Pylon  
  162  13:24  Disruptor (Chrono Boost)  
  166  13:30  Zealot x4  
  154  13:55  Probe  
  154  13:56  Colossus x2 (Chrono Boost), Stalker x2  
  154  13:57  Zealot x10  
  154  13:58  Protoss Ground Armor Level 3 (Chrono Boost)  
  185  14:03  Pylon  
  185  14:06  Pylon  
  185  14:08  Photon Cannon  
  185  14:11  Shield Battery  
  185  14:15  Gateway x2  
  185  14:21  Zealot  
  137  14:39  Colossus (Chrono Boost)  
  137  14:40  Stalker x5  
  137  14:41  Zealot x6, Colossus (Chrono Boost)  
  163  14:49  Assimilator  
  167  15:01  Zealot  
  167  15:05  Sentry x2, Zealot x9  
  167  15:06  Protoss Ground Weapons Level 3 (Chrono Boost)  
  191  15:19  Pylon  
  191  15:26  Stalker, Zealot x2  
  191  15:27  Zealot  
  199  15:31  Gateway  
  199  15:32  Gateway  
  199  15:34  Pylon  
  199  15:49  Nexus  
  191  15:51  Pylon  
  167  16:01  Colossus x2 (Chrono Boost)  
  167  16:03  Stalker, Zealot x11  
  163  16:10  Sentry  
  163  16:11  Stalker  
  139  16:12  Probe x3  
  139  16:13  Probe  
  143  16:25  Stalker x7  
  147  16:26  Zealot x5  
  167  16:35  Zealot x2  
  171  16:40  Disruptor x2 (Chrono Boost)  
  173  16:48  Nexus  
  173  16:49  Zealot x4  
  161  16:59  Sentry, Stalker x3, Zealot x3  
  157  17:02  Probe x2  
  157  17:04  Probe x3  
  157  17:08  Sentry, Stalker x2  
  168  17:11  Disruptor x2 (Chrono Boost)  
  168  17:14  Zealot x4  
  184  17:22  Stalker, Zealot x3  
  192  17:33  Stalker, Zealot x3  
  190  18:02  Stalker x4, Zealot x6  
  198  18:08  Assimilator  
  198  18:10  Gateway  
  198  18:12  Gateway  
  198  18:15  Templar Archives, Stalker  
  198  18:18  Assimilator  
  194  18:22  Assimilator  
  194  18:25  Zealot x3  
  200  18:29  Gateway, Assimilator  
  200  18:31  Gateway  
  192  18:36  Zealot x4  
  200  18:41  Psionic Storm  
  200  18:54  Disruptor x2 (Chrono Boost)  
  190  18:58  Gateway x2  
  190  19:00  Pylon  
  188  19:03  Pylon  
  188  19:04  Assimilator  
  188  19:05  Zealot x6  
  200  19:11  Protoss Shields Level 1 (Chrono Boost)  
  200  19:21  Pylon  
  200  19:27  Gateway  
  200  19:30  Gateway  
  194  19:33  Pylon  
  179  19:45  Stalker x5  
  179  19:46  Stalker x3, Zealot x2  
  183  20:02  Stalker x3  
  183  20:03  Stalker x5  
  189  20:25  Zealot x12  
  193  20:29  Nexus  
  193  20:31  Pylon  
  193  20:33  Pylon  
  191  20:35  Zealot x4  
  191  20:42  Colossus x2 (Chrono Boost)  
  169  20:56  Stalker  
  151  21:05  Stalker x7, Zealot x4  
  151  21:06  Zealot x3, Stalker x5, Sentry  
  159  21:15  Zealot x3  
  149  21:18  Probe  
  149  21:19  Probe  
  149  21:21  Zealot  
  149  21:28  Disruptor x2  
  149  21:29  High Templar x4, Zealot x8  
  149  21:30  Zealot  
  149  21:31  Stalker, Zealot x6  
  197  21:33  Archon  
  187  21:50  Stalker, Zealot  
  187  21:51  Zealot x2  
  187  21:57  High Templar x8  
  181  22:09  Archon x2  
  181  22:10  High Templar, Zealot x8  
  181  22:14  Probe (Chrono Boost)  
  197  22:16  Probe x2 (Chrono Boost)  
  197  22:17  Probe (Chrono Boost), Zealot  
  197  22:18  Probe x2 (Chrono Boost)  
  200  22:23  Probe (Chrono Boost)  
  200  22:27  Extended Thermal Lance (Chrono Boost)  
  200  22:30  Assimilator  
  200  22:31  Pylon  
  200  22:42  Disruptor  
  190  23:01  Stalker x3, Zealot x2  
  190  23:02  Zealot x2  
  152  23:15  Stalker x5  
  152  23:16  Stalker x5, Zealot x7  
  121  23:20  Observer (Chrono Boost)  
  121  23:22  Stalker x2  
  121  23:23  Stalker x7  
  121  23:25  Assimilator  
  121  23:26  High Templar  
  121  23:27  High Templar x4  
  117  23:29  Immortal (Chrono Boost)  
  117  23:31  Archon x2  
  123  23:40  High Templar, Zealot x3  
  131  23:42  Zealot  
  133  23:54  Nexus  
  133  23:57  High Templar x4  
  141  24:13  Probe x2  
  143  24:27  Stalker  
  143  24:28  Stalker x2, Zealot x8  
  143  24:31  High Templar x2  
  169  24:35  Archon  
  169  24:36  Disruptor (Chrono Boost)  
  169  24:38  Disruptor (Chrono Boost)  
  168  24:57  Stalker, Zealot x7  
  184  25:10  Observer (Chrono Boost)  
  167  25:20  Archon  
  167  25:21  Archon  
  155  25:27  Stalker x5  
  155  25:28  Stalker x5, Zealot  
  112  25:57  High Templar x10  
  122  26:05  Archon x3  
  122  26:06  Archon  
  122  26:09  Stalker x3  
  122  26:10  Zealot  
  125  26:32  Zealot x5  
  128  26:49  Zealot  
  128  26:52  Zealot x3  
Tags
 
Add a new tag
Caveats
  • Supply blocks, unpowered buildings, or Contaminate may cause inaccurate times.
  • Supply counts are checked every 10 seconds.